 Dungeon Crawl Stone Soup version 0.21.1-1-g345015f (webtiles) character file.

8670 suicidejoker the Quickloader (level 11, -35/73 HPs)
             Began as an Octopode Hunter on Apr 21, 2018.
             Was an Initiate of Gozag.
             Killed by a magical explosion (66 damage)
             ... on level 11 of the Dungeon.
             The game lasted 00:40:01 (11302 turns).

suicidejoker the Quickloader (Octopode Hunter)     Turns: 11302, Time: 00:40:07

Health: -35/73     AC:  1    Str: 14    XL:     11   Next: 34%
Magic:  7/15       EV: 20    Int: 13    God:    Gozag
Gold:   1498       SH: 12    Dex: 12    Spells: 13/15 levels left

rFire    + . .     SeeInvis +   a - +2 hand crossbow
rCold    . . .     Gourm    .   h - +3 shield
rNeg     . . .     Faith    .   (helmet restricted)
rPois    .         Spirit   .   (no amulet)
rElec    .         Reflect  .   s - ring of see invisible
rCorr    +         Harm     .   w - +6 ring of evasion
MR       .....                  D - ring of resist corrosion
Stlth    ++........             (no ring)
HPRegen  0.22/turn              (no ring)
MPRegen  0.14/turn              (no ring)
                                (no ring)
                                (no ring)

@: lethally poisoned (-35 -> -56), impossibly contaminated, glowing, invisible
(but backlit and visible)
A: almost no armour, stealthy swim, amphibious, 8 rings, constrict 8, camouflage
1, clumsy 1, fire resistance 1, gelatinous body 1, subdued magic 1
a: Potion Petition, Call Merchant, Bribe Branch, Renounce Religion


You were on level 11 of the Dungeon.
You worshipped Gozag.
Gozag was most pleased with you.
You were very hungry.

You visited 2 branches of the dungeon, and saw 12 of its levels.
You also visited: Ossuary.

You collected 1634 gold pieces.
You spent 56 gold pieces at shops.
You paid 80 gold pieces to Gozag.

Inventory:

Hand Weapons
 a - a +2 hand crossbow (weapon)
 b - a +2 spear of venom
 g - a +2 antimagic dagger
 r - a +2 dagger of chaos
 y - a cursed +0 battleaxe
 B - a cursed -2 flail
 G - a +1 dagger of protection
 J - a +2 great sword
 K - a +0 morningstar of crushing
 L - a +2 great sword
 N - a +0 falchion of protection
 P - a +0 vampiric spear
 Q - a +2 dagger of venom
 S - a cursed -2 short sword
Missiles
 c - 17 bolts (quivered)
 e - 281 stones
 i - 4 javelins
 l - 63 sling bullets
 q - 5 curare-tipped needles
 E - 12 tomahawks
 F - 17 arrows
 I - 4 poisoned needles
Armour
 h - a +3 shield (worn)
Magical Staves
 o - an uncursed staff of death {unknown}
 O - an uncursed staff of energy {unknown}
Jewellery
 s - a ring of see invisible (left tentacle)
 w - a +6 ring of evasion (right tentacle)
 D - a ring of resist corrosion (on tentacle)
Wands
 j - a wand of paralysis (9)
Scrolls
 v - 2 scrolls of fog
 x - a scroll of amnesia
 z - 4 scrolls of teleportation
 C - a scroll of magic mapping
 H - a scroll of immolation
 M - a scroll of blinking
 R - a scroll of random uselessness
 T - a scroll of fear
Potions
 f - 3 potions of brilliance
 m - a potion of flight
 n - 4 potions of resistance
 t - a potion of ambrosia
 u - 3 potions of curing
Books
 k - a book of Maledictions

   Spells                             Type                      Level
   a - Corona                         Hexes                        1
   b - Ensorcelled Hibernation        Hexes/Ice                    2
   c - Confuse                        Hexes                        3
   d - Tukima's Dance                 Hexes                        3
   e - Dazzling Spray                 Conjuration/Hexes            3
 p - a book of Frost

   Spells                             Type                      Level
   a - Freeze                         Ice                          1
   b - Throw Frost                    Conjuration/Ice              2
   c - Ozocubu's Armour               Charms/Ice                   3
   d - Throw Icicle                   Conjuration/Ice              4
   e - Summon Ice Beast               Ice/Summoning                4
Comestibles
 d - 17 rations


   Skills:
 + Level 6.3 Fighting
 * Level 6.7 Polearms
 * Level 9.5 Crossbows
 + Level 6.4 Dodging
 + Level 8.7 Stealth
 + Level 4.6 Shields
 + Level 2.9 Spellcasting
 + Level 3.1 Hexes
 + Level 3.2 Ice Magic
 + Level 3.3 Evocations


You had 13 spell levels left.
You knew the following spells:

 Your Spells              Type           Power        Failure   Level  Hunger
a - Ensorcelled Hibernat  Hex/Ice        #.....       30%         2    ###....


Dungeon Overview and Level Annotations

Branches:
Dungeon (11/15)            Temple (1/1) D:6
   Lair: D:8-11         Orc: D:9-12

Altars:
Ashenzari
Cheibriados
Dithmenos
Elyvilon
Fedhas
Gozag
Hepliaklqana
Kikubaaqudgha
Makhleb
Nemelex Xobeh
Okawaru
Qazlal
Ru
Sif Muna
Trog
Vehumet
Wu Jian
Xom
Yredelemnul
Zin
The Shining One

Shops:
D:7 ?   D:11 *

Annotations:
D:7 yevrey's ghost, novice DrTm
D:11 ryzol's ghost, journeyman MiFi


Innate Abilities, Weirdness & Mutations

You cannot wear most types of armour.
You are very stealthy in the water. (Stealth+)
You are amphibious.
You can wear up to eight rings at the same time.
You can use your tentacles to constrict eight enemies at once.
Your skin changes colour to match your surroundings (Stealth+).
Your rubbery body absorbs attacks. (AC +1, EV +1)
You are clumsy. (Dex -2)
Your flesh is heat resistant. (rF+)
Your spells are a little easier to cast, but a little less powerful.


Message History

Firing (i - inventory. (,) - cycle):
c - 19 bolts (quivered)
Press: ? - help, Shift-Dir - straight line, f - hound skeleton
Aim: a hound skeleton (hasn't noticed you)
You shoot a bolt. The bolt hits the hound skeleton!
The hound skeleton is no longer distracted by gold.
The hound skeleton is severely damaged.
Firing (i - inventory. (,) - cycle):
c - 18 bolts (quivered)
Press: ? - help, Shift-Dir - straight line, f/p - hound skeleton
Aim: a hound skeleton (severely damaged)
You shoot a bolt. The bolt hits the hound skeleton!
You destroy the hound skeleton!
You start resting.
You are feeling very hungry.
You start resting.
Your body shudders with the violent release of wild energies!
The magical storm engulfs you!
You are poisoned.
Ouch! That really hurt!
You die...
Your body crumbles into a pile of gold.

### [. ... . #.
#..###. . #. ... ##
. # ### #..#.. ..
.#..(.
#..#.######.#.#
#.#$#
#..W.<.<......# #..#
...##.########.###.#
.......# #.@$.#
#####..# ####.# #..#
..# ...# #### ##.#
.# .#


There were no monsters in sight!

Vanquished Creatures
  3 two-headed ogres
  An unseen horror (D:10)
  Psyche (D:8)
  3 hippogriffs
  A spriggan (D:9)
  A wyvern (D:9)
  3 yaks (D:9)
  A vampire (D:11)
  Menkaure (D:5)
  A water moccasin (D:6)
  Duvessa (D:6)
  4 orc warriors
  3 ice beasts
  A black bear (D:6)
  A necrophage (D:8)
  8 ogres
  A phantom (D:10)
  The ghost of forrest the Skirmisher, an amateur DsAK of Lugonu (D:3)
  A big kobold (D:10)
  7 bullfrogs
  Dowan (D:6)
  A scorpion (D:9)
  5 wights (D:9)
  2 howler monkeys (D:8)
  A bullfrog zombie (D:9)
  7 crimson imps
  7 hounds
  4 orc priests
  5 jellies
  2 iguanas
  10 worker ants
  8 orc wizards
  4 big kobold zombies (Ossuary)
  A hound zombie (D:6)
  A hound skeleton (D:11)
  A mummy (Ossuary)
  7 gnolls
  A howler monkey skeleton (D:7)
  5 adders
  A shadow imp (D:5)
  3 oozes
  An adder zombie (D:9)
  5 worms
  A dart slug (D:3)
  A leopard gecko (D:6)
  28 orcs
  A spectral bat (Ossuary)
  7 giant cockroaches
  8 gnoll zombies (Ossuary)
  8 goblins
  3 hobgoblins
  12 jackals
  6 quokkas
  4 ball pythons
  8 bats
  6 bat simulacra (Ossuary)
  13 frilled lizards
  3 goblin simulacra (Ossuary)
  4 goblin zombies (Ossuary)
  5 hobgoblin zombies (Ossuary)
  A jackal skeleton (D:7)
  8 kobolds
  2 kobold simulacra (Ossuary)
  4 kobold zombies (Ossuary)
  5 orc zombies (Ossuary)
  A quokka zombie (D:5)
  4 rats
  2 rat simulacra (Ossuary)
  A spectral goblin (Ossuary)
  4 spectral kobolds (Ossuary)
  3 spectral rats (Ossuary)
280 creatures vanquished.

Vanquished Creatures (others)
  A wizard (D:10)
  An ooze (D:3)
  4 orcs (D:3)
6 creatures vanquished.

Grand Total: 286 creatures vanquished

Notes
Turn   | Place    | Note
-------+----------+-------------------------------------------
     0 | D:1      | suicidejoker the Octopode Hunter began the quest for the Orb.
     0 | D:1      | Reached XP level 1. HP: 14/14 MP: 1/1
    59 | D:1      | Reached XP level 2. HP: 19/19 MP: 2/2
   191 | D:1      | Reached XP level 3. HP: 24/24 MP: 3/3
   621 | D:2      | Found a glowing golden altar of the Shining One.
   825 | D:2      | Found a hazy altar of Hepliaklqana.
  1245 | D:3      | Reached XP level 4. HP: 30/30 MP: 4/4
  1406 | D:3      | Noticed forrest's ghost (amateur DsAK)
  1442 | D:3      | Killed forrest's ghost
  1442 | D:3      | Reached skill level 5 in Crossbows
  1442 | D:3      | Reached XP level 5. HP: 19/36 MP: 1/5
  1799 | D:3      | Reached XP level 6. HP: 42/42 MP: 6/6
  2863 | D:4      | Reached XP level 7. HP: 33/46 MP: 2/7
  2979 | D:4      | Reached skill level 6 in Crossbows
  3319 | D:4      | Found an iron altar of Okawaru.
  3533 | D:5      | Entered Level 5 of the Dungeon
  3616 | D:5      | Noticed Menkaure
  3625 | D:5      | Killed Menkaure
  3625 | D:5      | Reached skill level 5 in Stealth
  3921 | D:5      | Reached skill level 1 in Polearms
  3990 | D:5      | Reached XP level 8. HP: 54/54 MP: 8/8
  4071 | D:5      | Reached skill level 1 in Shields
  4502 | D:6      | Noticed Duvessa
  4508 | D:6      | Noticed Dowan
  4518 | D:6      | Killed Duvessa
  4518 | D:6      | Reached skill level 7 in Crossbows
  4525 | D:6      | Killed Dowan
  5252 | D:6      | Reached XP level 9. HP: 60/60 MP: 9/9
  5327 | D:6      | Found a staircase to the Ecumenical Temple.
  5335 | Temple   | Entered the Ecumenical Temple
  5343 | Temple   | Became a worshipper of Gozag Ym Sagoz the Greedy
  5460 | D:6      | Found a snail-covered altar of Cheibriados.
  5641 | D:6      | Found an ornate altar of the Wu Jian Council.
  5712 | D:6      | Reached skill level 5 in Fighting
  6300 | D:7      | Reached skill level 5 in Dodging
  6483 | D:7      | Reached skill level 8 in Crossbows
  6931 | D:7      | Found a sand-covered staircase.
  6939 | D:7      | Noticed yevrey's ghost (novice DrTm)
  6940 | Ossuary  | Entered an ossuary
  7498 | D:7      | Found Pifiown's Magic Scroll Shoppe.
  7592 | D:7      | Gained mutation: Your flesh is heat resistant. (rF+) [potion of mutation]
  7592 | D:7      | Gained mutation: You are somewhat resistant to further mutation. [potion of mutation]
  7593 | D:7      | Lost mutation: Your flesh is heat resistant. (rF+) [potion of mutation]
  7593 | D:7      | Lost mutation: You are somewhat resistant to further mutation. [potion of mutation]
  7593 | D:7      | Gained mutation: Your spells are a little easier to cast, but a little less powerful. [potion of mutation]
  7593 | D:7      | Gained mutation: Your flesh is heat resistant. (rF+) [potion of mutation]
  7780 | D:8      | Found a glowing silver altar of Zin.
  7802 | D:8      | Learned a level 2 spell: Ensorcelled Hibernation
  7847 | D:8      | Noticed a two-headed ogre
  7855 | D:8      | Killed a two-headed ogre
  7855 | D:8      | Reached skill level 5 in Polearms
  7855 | D:8      | Reached skill level 1 in Hexes
  7855 | D:8      | Reached skill level 1 in Ice Magic
  7855 | D:8      | Reached skill level 1 in Evocations
  8028 | D:8      | Noticed an angel
  8034 | D:8      | Found a shimmering altar of Xom.
  8115 | D:8      | Reached skill level 1 in Spellcasting
  8115 | D:8      | Reached XP level 10. HP: 66/66 MP: 11/11
  8149 | D:8      | Paralysed by an orc for 2 turns
  8555 | D:8      | Noticed Psyche
  8563 | D:8      | Killed Psyche
  9024 | D:7      | Bought a scroll of immolation for 56 gold pieces
  9250 | D:9      | Found a shattered altar of Ashenzari.
  9356 | D:9      | Reached skill level 9 in Crossbows
  9359 | D:9      | Noticed a two-headed ogre
  9370 | D:9      | Killed a two-headed ogre
 10130 | D:10     | Entered Level 10 of the Dungeon
 10198 | D:10     | Noticed an unseen horror
 10209 | D:10     | Killed an unseen horror
 10209 | D:10     | Reached XP level 11. HP: 57/72 MP: 4/14
 10334 | D:10     | Noticed a two-headed ogre
 10349 | D:10     | Killed a two-headed ogre
 10875 | D:10     | Found a bloodstained altar of Trog.
 10878 | D:10     | Noticed a wizard
 10883 | D:10     | Killed a wizard
 11163 | D:11     | Noticed ryzol's ghost (journeyman MiFi)
 11207 | D:11     | Found Ukkauk's Changing Room.
 11256 | D:11     | Gained mutation: You are clumsy. (Dex -2) [mutagenic glow]
 11264 | D:11     | Noticed a cyclops
 11302 | D:11     | Killed by a magical explosion

Skill      XL: |  1  2  3  4  5  6  7  8  9 10 11 |
---------------+----------------------------------+-----
Stealth        | 2 3 4 5 6 7 8 |  8.7
Crossbows      | 5 6 7 8 9 |  9.5
Dodging        | 3 4 5 6 |  6.4
Fighting       | 3 4 5 6 |  6.3
Polearms       | 1 3 5 6 |  6.7
Shields        | 2 3 4 |  4.6
Hexes          | 1 2 3 |  3.1
Ice Magic      | 1 2 3 |  3.2
Evocations     | 1 2 3 |  3.3
Spellcasting   | 1 2 |  2.9

Action                   |  1- 3 |  4- 6 |  7- 9 | 10-12 || total
-------------------------+-------+-------+-------+-------++-------
Melee: Dagger            |       |    23 |    13 |    69 ||   105
       Unarmed           |       |     7 |       |       ||     7
       Constrict         |       |     4 |    50 |    35 ||    89
       Spear             |       |    16 |   238 |   139 ||   393
       Tentacles         |       |     1 |    49 |    44 ||    94
 Fire: Hand crossbow     |    69 |    80 |   135 |    94 ||   378
Throw: Stone             |       |       |       |     1 ||     1
Invok: Potion Petition   |       |       |       |     1 ||     1
Evoke: Wand              |       |       |       |    18 ||    18
  Use: Scroll            |     6 |     3 |     9 |     5 ||    23
       Potion            |       |     8 |     8 |     1 ||    17
 Stab: Sleeping          |       |       |    24 |     5 ||    29
       Distracted        |       |       |     1 |     1 ||     2
       Paralysed         |       |       |       |    15 ||    15
  Eat: Chunk             |       |     6 |     5 |       ||    11
       Ration            |       |       |     3 |     3 ||     6
Armor: Skin              |       |    22 |     1 |     2 ||    25
Dodge: Dodged            |     4 |    29 |    77 |    94 ||   204
Block: Shield            |       |       |    61 |   109 ||   170
